 Dungeon Crawl Stone Soup version 0.24-a0-789-g35933f4585 (webtiles) character file.

Game seed: 3619449544344878369, levelgen mode: deterministic

372840 MisterOstroum the Warrior (level 22, -23/211 HPs)
             Began as a Hill Orc Warper on Oct 9, 2019.
             Was a High Priest of Beogh.
             Killed from afar by a fire giant (40 damage)
             ... with a fireball
             ... on level 4 of the Depths on Oct 10, 2019.
             The game lasted 04:54:37 (62423 turns).

MisterOstroum the Warrior (Hill Orc Warper)        Turns: 62423, Time: 04:54:38

Health: -23/211    AC: 33    Str: 29    XL:     22   Next: 70%
Magic:  9/35       EV: 11    Int: 11    God:    Beogh [*****.]
Gold:   2934       SH: 25    Dex: 13    Spells: 24/24 levels left

rFire    . . .     SeeInvis .   a - +6 broad axe (chop)
rCold    + + .     Gourm    .   c - +2 large shield
rNeg     + . .     Faith    .   y - +2 plate armour of the Wasteland {rC+ MR++}
rPois    +         Spirit   .   m - +2 helmet
rElec    +         Reflect  .   v - +2 cloak
rCorr    .         Harm     .   Z - +2 pair of gloves {archery}
MR       +++..                  h - +1 pair of boots "Emieciq" {rC+ rN+ Int-2 Dex+3}
Stlth    ..........             N - amulet of rage
HPRegen  0.45/turn              U - +5 ring of strength
MPRegen  0.24/turn              H - ring of poison resistance

@: very slightly contaminated
A: walk on water, hooves 1, deterioration 1, electricity resistance
}: 2/15 runes: decaying, serpentine
a: Smiting, Recall Orcish Followers, Give Item to Named Follower, Renounce
Religion, Evoke Berserk Rage


You were on level 4 of the Depths.
You worshipped Beogh.
Beogh was extremely pleased with you.
You were not hungry.

You visited 8 branches of the dungeon, and saw 38 of its levels.
You also visited: Sewer and Ice Cave.

You collected 4587 gold pieces.
You spent 1653 gold pieces at shops.

Inventory:

Hand Weapons
 a - a +6 broad axe of chopping (weapon)
Missiles
 f - 2 boomerangs of dispersal {!f}
 A - 6 curare-tipped darts (quivered)
 S - 4 throwing nets {!f}
Armour
 c - a +2 large shield (worn)
 h - the +1 pair of boots "Emieciq" (worn) {rC+ rN+ Int-2 Dex+3}
   (You bought it in a shop on level 4 of the Vaults)

   It affects your intelligence (-2).
   It affects your dexterity (+3).
   It protects you from cold.
   It protects you from negative energy.
 m - a +2 helmet (worn)
 v - a +2 cloak (worn)
 y - the +2 plate armour of the Wasteland (worn) {rC+ MR++}
   (You bought it in a shop on level 4 of the Vaults)

   It protects you from cold.
   It affects your resistance to hostile enchantments.
 Z - a +2 pair of gloves of archery (worn)
Jewellery
 z - an uncursed ring of protection from fire
 H - a ring of poison resistance (right hand)
 N - an amulet of rage (around neck)
 T - an uncursed ring of protection from cold
 U - a +5 ring of strength (left hand)
 Y - an uncursed ring of resist corrosion
Wands
 p - a wand of iceblast (12)
 x - a wand of acid (13)
 C - a wand of scattershot (1)
 K - a wand of polymorph (13)
 M - a wand of disintegration (58)
 P - a wand of enslavement (6)
 V - a wand of paralysis (26)
Scrolls
 d - 5 scrolls of blinking {@r4}
 i - 13 scrolls of identify {@r1}
 l - 12 scrolls of remove curse {@r2}
 q - 3 scrolls of magic mapping {@r5 !r}
 r - 2 scrolls of summoning
 s - 7 scrolls of fear {!r}
 t - 2 scrolls of fog {!r}
 B - 2 scrolls of enchant armour
 E - 4 scrolls of silence
 F - 10 scrolls of immolation
 J - a scroll of holy word
Potions
 g - 6 potions of might {@q3 !q}
 k - 13 potions of curing {@q1 !q}
 n - 4 potions of agility {@q5 !q}
 o - a potion of cancellation
 u - 3 potions of haste {@q4 !q}
 D - 2 potions of invisibility
 G - 4 potions of magic
 L - 2 potions of mutation
 Q - a potion of resistance
 R - a potion of berserk rage
Miscellaneous
 I - 2 boxes of beasts
 X - a lightning rod (4/4)
Comestibles
 e - 42 rations


   Skills:
 * Level 20.5 Fighting
 - Level 16.7(18.1) Axes
   Level 10.6(13.7) Polearms
 - Level 0.8 Throwing
 + Level 16.6 Armour
 - Level 7.1 Dodging
 * Level 18.0 Shields
 - Level 1.5 Spellcasting
   Level 2.4 Translocations
 + Level 19.4 Invocations
 - Level 10.0 Evocations


You had 24 spell levels left.
You didn't know any spells.
Your spell library contained the following spells:

 Spells                   Type           Power        Failure   Level  Hunger
 Apportation              Tloc           #.....       82%         1    ##.....
 Blink                    Tloc           N/A          91%         2    ###....
 Animate Skeleton         Necr           N/A          98%         1    ##.....
 Beastly Appendage        Tmut           #.....       98%         1    ##.....
 Confusing Touch          Hex            #.....       98%         1    ##.....
 Corona                   Hex            #......      98%         1    ##.....
 Freeze                   Ice            #...         98%         1    ##.....
 Pain                     Necr           #...         98%         1    ##.....
 Sting                    Conj/Pois      #...         98%         1    ##.....
 Summon Butterflies       Summ           #.......     98%         1    ##.....
 Summon Small Mammal      Summ           #...         98%         1    ##.....
 Shroud of Golubria       Chrm/Tloc      #.....       98%         2    ###....
 Call Imp                 Summ           #.......     99%         2    ###....
 Slow                     Hex            #.......     99%         2    ###....
 Sticks to Snakes         Tmut           #.......     99%         2    ###....
 Throw Frost              Conj/Ice       #.....       99%         2    ###....
 Gell's Gravitas          Tloc           #.........   99%         3    ####...
 Lesser Beckoning         Tloc           #.........   99%         3    ####...
 Teleport Other           Tloc           #.......     99%         3    ####...
 Call Canine Familiar     Summ           #.......     100%        3    ####...
 Confuse                  Hex            #.......     100%        3    ####...
 Inner Flame              Hex/Fire       #.......     100%        3    ####...
 Ozocubu's Armour         Chrm/Ice       #.......     100%        3    ####...
 Portal Projectile        Hex/Tloc       #.....       100%        3    ####...
 Regeneration             Chrm/Necr      #.........   100%        3    ####...
 Spider Form              Tmut/Pois      #.........   100%        3    ####...
 Summon Guardian Golem    Hex/Summ       #.......     100%        3    ####...
 Tukima's Dance           Hex            #.......     100%        3    ####...
 Vampiric Draining        Necr           #.........   100%        3    ####...
 Animate Dead             Necr           N/A          100%        4    #####..
 Cause Fear               Hex            #.........   100%        4    #####..
 Ice Form                 Ice/Tmut       #.......     100%        4    #####..
 Leda's Liquefaction      Hex/Erth       #.........   100%        4    #####..
 Passage of Golubria      Tloc           N/A          100%        4    #####..
 Petrify                  Tmut/Erth      #.......     100%        4    #####..
 Summon Ice Beast         Ice/Summ       #.......     100%        4    #####..
 Summon Lightning Spire   Summ/Air       #.......     100%        4    #####..
 Throw Icicle             Conj/Ice       #.......     100%        4    #####..
 Alistair's Intoxication  Tmut/Pois      #.......     100%        5    ######.
 Blade Hands              Tmut           #.........   100%        5    ######.
 Metabolic Englaciation   Hex/Ice        #.........   100%        5    ######.
 Yara's Violent Unravell  Hex/Tmut       #.........   100%        5    ######.
 Bolt of Cold             Conj/Ice       #.........   100%        6    #######
 Invisibility             Hex            #.......     100%        6    #######
 Iron Shot                Conj/Erth      #.........   100%        6    #######


Dungeon Overview and Level Annotations

Branches:
Dungeon (15/15)            Temple (0/1) D:4            Lair (5/6) D:11
  Swamp (4/4) Lair:2        Snake (4/4) Lair:3        Slime (0/5) Lair:5
    Orc (2/2) D:9             Elf (0/3) Orc:2        Vaults (4/5) D:13
  Crypt (1/3) Vaults:3     Depths (2/5) D:15          Sewer (visited)
  IceCv (visited)

Altars:
Ashenzari
Cheibriados
Fedhas
Gozag
Kikubaaqudgha
Makhleb
Trog
Uskayaw
Vehumet
Xom
Jiyva

Shops:
D:14 (   Orc:2 (!::   Snake:4 :*?*   Vaults:1 (   Vaults:4 [

Portals:
Hell: Depths:1 Depths:2
Pandemonium: Depths:2

Annotations:
D:8 1 runed translucent door, Amen's ghost, novice GrFi
Lair:5 exclusion: 4 oklob plants
Swamp:2 2 transporters
Swamp:4 3 runed translucent doors, Execuda's ghost, adept HuBe


Innate Abilities, Weirdness & Mutations

You can walk on water.
You have large cloven feet.
Your body sometimes deteriorates upon taking damage.
You are resistant to electric shocks. (rElec)


Message History

The flayed ghost cries, "Feel what I felt!"
Terrible wounds open up all over your body!
* * * LOW HITPOINT WARNING * * *
Morguth utters an invocation to Beogh.
Warbeogh roars a battlecry!
Blodwig goes into a battle-frenzy!
You block the spriggan berserker's attack.
Bogrim hits the deep elf elementalist with a +0 great mace!!!
The deep elf elementalist points at you and mumbles some strange words.
Some walls begin to move on their own!
A fire dragon comes into view.
The fire dragon breathes flames at you. The blast of flame hits you!!
* * * LOW HITPOINT WARNING * * *
The blast of flame hits Morguth!
The caustic shrike claws Warbeogh!!
Warbeogh dies!
You hear a horrible gurgling sound!
You hear a roar!
You hear a shout!
You hear a screech!
Blink to where?
Press: ? - help, Dir - move target cursor You are very lightly contaminated with residual magic.
As you read the scroll of blinking {@r4}, it crumbles to dust.
A great orb of eyes comes into view.
The great orb of eyes turns its gaze towards you.
Morguth mumbles some strange prayers to Beogh.
Blodwig hits the deep elf elementalist with a +4 broad axe of freezing!
Blodwig freezes the deep elf elementalist.
The deep elf elementalist dies!
Beogh accepts your kill.
Blodwig hits the spriggan berserker with a +4 broad axe of freezing!
Blodwig freezes the spriggan berserker.
Bogrim hits the flayed ghost with a +0 great mace!!
You hear a shout!
The great orb of eyes gazes at you. You resist with almost no effort.
Blink to where?
Press: ? - help, Dir - move target cursor
As you read the scroll of blinking {@r4}, it crumbles to dust.
A fire dragon comes into view.
The fire dragon roars deafeningly!
Your surroundings suddenly seem different.
You feel sick.
Aiming: Smiting
Press: ? - help, Dir - move target cursor, f - spriggan berserker Smite: a spriggan berserker, wielding a +0 broad axe and wearing a +0 animal skin (berserk, fast, unusually strong, regenerating, resistant to hostile enchantments)
You smite the spriggan berserker!
The spriggan berserker is heavily wounded.
Beogh accepts your kill.
The terrible wounds on your body vanish.
You feel a bit more experienced.
Aiming: Smiting
Press: ? - help, Dir - move target cursor, f/p - spriggan berserker Smite: a spriggan berserker, wielding a +0 broad axe and wearing a +0 animal skin (heavily wounded, berserk, fast, unusually strong, regenerating, resistant to hostile enchantments)
You smite the spriggan berserker!
You kill the spriggan berserker!
Beogh accepts your kill.
Beogh appreciates your killing of a heretic priest.
Beogh accepts your kill.
You feel a bit more experienced.
You begin recalling your allies.
Morguth is recalled.
Bogrim is recalled.
You swap places.
Blodwig is recalled.
Your rust devil is recalled.
You are no longer corroded.
You feel sick.
Morguth prays to Beogh.
Morguth is healed somewhat.
A flayed ghost comes into view.
Your hellwing is recalled.
Your rust devil is recalled.
You finish recalling your allies.
The stone giant throws a large rock.
The large rock hits you!
* * * LOW HITPOINT WARNING * * *
The flayed ghost moves out of view.
You see here a large rock.
You swap places.
You hear a shout!
Aiming: Smiting
Press: ? - help, Dir - move target cursor, f - flayed ghost Smite: a flayed ghost You smite the flayed ghost!
The flayed ghost is severely damaged.
You feel sick.
You hear a shout! x2; You hear a grinding noise.
Aiming: Smiting
Press: ? - help, Dir - move target cursor, f/p - flayed ghost Smite: a flayed ghost (severely damaged)
You smite the flayed ghost!
You destroy the flayed ghost!
Beogh accepts your kill.
You start resting.
You feel sick.
You are no longer poisoned.
Your rust devil disappears in a puff of smoke!
Your hellwing disappears in a puff of smoke!
You hear a horrible gurgling sound!
You hear a roar!
Blodwig no longer looks unusually strong.
You swap places.
Bogrim no longer looks unusually strong.
The fire giant casts a spell at you.
The fireball explodes!
The fireball engulfs you!!!
You die...

##############
##...§.C(.....####
####.....§#......#..#
#.....@..###........#*#
#.....oo#####.......##.
*#......#..#..#.)......#
***#....#.#...#...C.......#
*,,.......*...#....C.......
*,,.....##,#######C.#......
**,,....#,,*,,,#...#........
**,,,.#.#,,,*,,*#.......#....
*,,,,...*,,,*,#*#.#......)...


You could see a fire giant, the friendly Bogrim the orc warlord and the friendly
Blodwig the orc knight.

Vanquished Creatures
  Mennas (Vaults:4)
  A caustic shrike (Depths:4)
  Bai Suzhen (Snake:3)
  Nikola (Vaults:1)
  A bone dragon (Swamp:4)
  2 ancient champions (Crypt:1)
  Donald (Vaults:1)
  A storm dragon (Vaults:2)
  7 nagarajas
  2 frost giants (Vaults:4)
  2 fire giants
  9 vault wardens
  A deep elf sorcerer (Vaults:4)
  9 ironheart preservers
  7 stone giants
  A spriggan defender (Depths:4)
  2 ghouls (Crypt:1)
  An entropy weaver (shapeshifter) (Vaults:3)
  7 very ugly things
  2 deep elf demonologists (Vaults:4)
  3 spark wasps
  2 ettins (Depths:1)
  A deep elf annihilator (Vaults:4)
  2 merfolk javelineers (Depths:1)
  An eidolon (Crypt:1)
  5 jiangshi
  A deep elf death mage (Crypt:1)
  9 yaktaur captains
  A fire dragon (D:13)
  11 hydras
  5 ice dragons
  A rakshasa (Vaults:3)
  Harold (D:7)
  4 naga warriors
  2 ghost crabs (Swamp:4)
  An anaconda (shapeshifter) (Depths:4)
  4 vault guards
  5 centaur warriors
  Erica (D:10)
  2 shambling mangroves
  A death knight (Vaults:1)
  7 alligators
  12 ogre magi
  9 anacondas
  A deep troll earth mage (Depths:1)
  2 deep troll shamans
  2 vampire magi
  3 death yaks
  21 two-headed ogres
  3 orc high priests (Orc:2)
  9 naga sharpshooters
  3 spriggan berserkers
  6 shock serpents
  4 iron trolls (Depths:2)
  20 skeletal warriors
  2 deep elf knights (Vaults:4)
  Nergalle (D:10)
  4 hell knights (Vaults:4)
  A flayed ghost (Depths:4)
  4 unseen horrors
  3 salamander mystics
  2 spectral hydras (Swamp:4)
  6 deep trolls
  3 swamp dragons
  2 wizards
  A deep elf archer (Vaults:4)
  2 naga ritualists (Snake:4)
  6 harpies
  A necromancer (Vaults:4)
  3 lindwurms (Snake:4)
  A lindwurm (shapeshifter) (Vaults:4)
  2 phantasmal warriors
  4 wolf spiders
  8 mana vipers
  14 ironbrand convokers
  6 deep elf magi
  11 ugly things
  8 orc knights
  A shining eye (shapeshifter) (Vaults:2)
  24 slime creatures
  6 elephants
  3 cyclopes
  6 salamanders
  17 black mambas
  A human skeleton (Vaults:4)
  14 naga magi
  7 vault sentinels
  4 centaur zombies
  Joseph (D:7)
  2 ice statues (IceCv)
  7 guardian serpents
  A pale draconian zombie (Crypt:1)
  7 komodo dragons
  9 spiny frogs
  5 freezing wraiths
  A kobold demonologist (D:11)
  44 yaktaurs
  4 rime drakes
  2 tengu conjurers
  An ice devil (Depths:2)
  3 swamp worm zombies (Swamp:4)
  6 trolls
  3 hydra zombies (Swamp:4)
  4 tyrant leeches
  11 hornets
  A queen bee (shapeshifter) (Vaults:4)
  An alligator zombie (Swamp:4)
  A spectral swamp dragon (Swamp:4)
  A guardian serpent zombie (Crypt:1)
  A raiju (shapeshifter) (Depths:2)
  4 bog bodies
  4 hippogriffs
  A stone giant simulacrum (Vaults:2)
  2 human simulacra
  A dream sheep (Lair:4)
  17 spriggans
  3 shadows
  3 water elementals (Depths:1)
  A wyvern (D:13)
  3 vampires
  20 yaks
  4 wraiths
  Eustachio (D:4)
  A basilisk (Lair:5)
  2 basilisks (shapeshifter)
  A yak (shapeshifter) (Vaults:4)
  12 vampire mosquitoes
  8 insubstantial wisps
  32 nagas
  17 swamp worms
  2 soldier ants
  2 acid dragons
  12 water moccasins
  6 porcupines
  A hornet zombie (Crypt:1)
  A monstrous demonspawn skeleton (Crypt:1)
  9 orc warriors
  7 swamp drakes
  26 ice beasts
  4 sky beasts
  7 phantoms
  An ice beast (shapeshifter) (D:13)
  A black bear (D:7)
  2 necrophages (Crypt:1)
  An ettin simulacrum (Vaults:2)
  2 swamp dragon zombies (Swamp:4)
  16 ogres
  39 wolves
  2 eyes of draining
  9 crocodiles
  19 centaurs
  3 big kobolds
  14 bullfrogs
  2 gnoll sergeants
  An ogre simulacrum (Vaults:1)
  A hornet simulacrum (D:14)
  9 killer bees (D:13)
  5 scorpions
  3 wights
  2 howler monkeys (D:8)
  3 crimson imps
  A bullfrog zombie (D:2)
  4 hounds
  5 centaur skeletons
  10 orc priests
  4 jellies
  12 orc wizards
  2 bullfrog skeletons
  8 iguanas
  13 worker ants
  A hound zombie (D:6)
  A hound skeleton (D:8)
  A howler monkey zombie (D:9)
  14 adders
  8 gnolls
  5 river rats (Sewer)
  2 swamp drake zombies (Swamp:4)
  2 shadow imps
  3 oozes
  An adder zombie (D:6)
  3 adder skeletons
  5 worms
  A dart slug (D:3)
  16 leopard geckos
  38 orcs
  10 bats
  7 giant cockroaches
  6 goblins
  10 hobgoblins
  4 jackals
  6 quokkas
  12 ball pythons
  7 frilled lizards
  12 kobolds
  A leopard gecko zombie (D:5)
  A quokka skeleton (D:9)
  31 rats
  2 fungi (Lair:5)
  A plant (Lair:3)
1137 creatures vanquished.

Vanquished Creatures (collateral kills)
  Frederick (Vaults:3)
  Saint Roka (Depths:1)
  A sphinx (Vaults:4)
  Kirke (D:14)
  3 nagarajas (Snake:4)
  2 fire giants
  2 deep elf sorcerers (Vaults:4)
  5 vault wardens
  3 frost giants
  A deep elf elementalist (Depths:4)
  7 ironheart preservers
  2 very ugly things
  7 stone giants
  A spark wasp (Depths:2)
  3 ettins
  A jiangshi (Depths:2)
  A merfolk javelineer (Depths:1)
  2 fire dragons
  A rakshasa (Depths:1)
  2 yaktaur captains (Vaults:4)
  3 hydras
  6 naga warriors
  2 ice dragons
  A shambling mangrove (Swamp:3)
  3 vault guards
  5 centaur warriors
  A death knight (D:11)
  4 anacondas (Snake:4)
  7 alligators
  A tengu warrior (Swamp:2)
  11 two-headed ogres
  2 orc high priests (Orc:2)
  4 shock serpents
  3 ogre magi
  A deep troll earth mage (Depths:2)
  A spriggan berserker (Depths:1)
  2 naga sharpshooters
  A deep elf knight (D:15)
  2 salamander mystics (Snake:4)
  A soul eater (Vaults:3)
  A hell knight (Vaults:4)
  5 deep trolls
  2 flayed ghosts
  An unseen horror (D:14)
  A naga ritualist (Snake:3)
  A swamp dragon (Swamp:3)
  2 glowing orange brains
  A deep elf archer (Vaults:1)
  A wizard (Vaults:3)
  An orange crystal statue (Depths:1)
  5 orc knights
  2 harpies (Vaults:1)
  3 ironbrand convokers
  A lindwurm (Snake:4)
  A lindwurm (shapeshifter) (Depths:1)
  2 mana vipers (Snake:4)
  A wolf spider (Vaults:1)
  An orb spider (shapeshifter) (D:13)
  2 cyclopes
  3 deep elf magi
  15 ugly things
  2 salamanders
  A manticore (D:15)
  11 black mambas
  A guardian serpent (Snake:4)
  5 vault sentinels
  A centaur zombie (D:15)
  8 naga magi
  A centaur skeleton (D:15)
  2 spiny frogs
  A gargoyle (D:15)
  2 kobold demonologists (D:11)
  3 swamp worm zombies (Swamp:4)
  2 freezing wraiths
  A yaktaur (shapeshifter) (Vaults:1)
  18 yaktaurs
  2 tengu conjurers
  2 hydra zombies (Swamp:4)
  2 trolls (D:14)
  4 tyrant leeches
  A wind drake (shapeshifter) (Vaults:3)
  9 slime creatures
  15 hornets
  A raiju (shapeshifter) (Depths:1)
  An alligator zombie (Swamp:4)
  6 bog bodies
  A hippogriff (D:12)
  2 spectral swamp dragons (Swamp:4)
  A tarantella (shapeshifter) (Depths:1)
  An ettin skeleton (Vaults:4)
  A yak (D:12)
  A hog (D:14)
  4 water elementals (Depths:1)
  4 spriggans
  A basilisk (D:13)
  2 chaos spawn (D:14)
  A hungry ghost (D:15)
  9 vampire mosquitoes
  A warg (Vaults:2)
  8 insubstantial wisps
  15 nagas
  4 swamp worms
  An acid dragon (D:13)
  A water moccasin (D:11)
  16 orc warriors
  2 swamp drakes
  A sky beast (D:12)
  4 phantoms (Swamp:4)
  2 ogres
  2 centaurs (D:14)
  A bullfrog (D:14)
  A deep troll simulacrum (Vaults:4)
  2 wyvern skeletons
  5 wights
  A crimson imp (D:14)
  7 orc priests
  An iguana (D:13)
  4 orc wizards
  A worker ant (D:13)
  A swamp drake zombie (Swamp:4)
  A shadow imp (D:15)
  A leopard gecko (D:11)
  11 orcs
  A kobold (D:11)
385 creatures vanquished.

Vanquished Creatures (others)
  An orc warlord (Depths:4)
  A deep elf sorcerer (Depths:4)
  A deep elf annihilator (Vaults:1)
  5 orc high priests
  3 orc sorcerers
  An ironbrand convoker (Vaults:1)
  10 orc knights
  A deep elf mage (Vaults:1)
  A spiny frog (Swamp:4)
  A tyrant leech (Swamp:4)
  6 insubstantial wisps (Swamp:4)
  23 orc warriors
  A phantom (Swamp:4)
  17 orc priests
  9 orc wizards
  55 orcs
  A jackal skeleton (D:6)
  5 fungi
  11 plants
153 creatures vanquished.

Grand Total: 1675 creatures vanquished

Notes
Turn   | Place    | Note
-------+----------+-------------------------------------------
     0 | D:1      | MisterOstroum the Hill Orc Warper began the quest for the
                  | Orb.
     0 | D:1      | Reached XP level 1. HP: 18/18 MP: 3/3
   159 | D:1      | Reached XP level 2. HP: 15/25 MP: 4/4
   723 | D:1      | Reached XP level 3. HP: 30/30 MP: 5/5
   836 | D:1      | You fall into a shaft and drop 1 floor!
  1847 | D:2      | Reached skill level 3 in Fighting
  1848 | D:2      | Found a blossoming altar of Fedhas.
  1850 | D:2      | Found an ancient bone altar of Kikubaaqudgha.
  1986 | D:2      | Reached XP level 4. HP: 37/38 MP: 6/6
  2063 | D:2      | Reached skill level 1 in Shields
  2726 | D:2      | Reached skill level 4 in Fighting
  3020 | D:3      | Reached XP level 5. HP: 46/46 MP: 7/7
  3934 | D:3      | Found a faded altar of an unknown god.
  4128 | D:4      | Noticed Eustachio
  4178 | D:4      | Reached XP level 6. HP: 55/55 MP: 8/8
  4332 | D:4      | Reached skill level 5 in Fighting
  4429 | D:4      | Noticed a phantom
  4584 | D:4      | Killed Eustachio
  4584 | D:4      | Reached skill level 5 in Polearms
  4675 | D:4      | Killed a phantom
  4675 | D:4      | Reached XP level 7. HP: 25/61 MP: 9/9
  5416 | D:4      | Found a staircase to the Ecumenical Temple.
  5598 | D:5      | Entered Level 5 of the Dungeon
  5741 | D:5      | Reached skill level 1 in Axes
  6742 | D:6      | Reached skill level 5 in Shields
  6742 | D:6      | Reached XP level 8. HP: 64/68 MP: 10/10
  6987 | D:6      | Found a glowing drain.
  7007 | Sewer    | Entered a sewer
  7440 | Sewer    | Reached skill level 6 in Fighting
  7730 | D:6      | Became a worshipper of Beogh the Brigand
  7757 | D:6      | Found a burning altar of Makhleb.
  7760 | D:6      | Found a bloodstained altar of Trog.
  7763 | D:6      | Found a hide-covered altar of Uskayaw.
  7766 | D:6      | Found an opulent altar of Gozag.
  7973 | D:6      | Found a shimmering altar of Xom.
  8328 | D:7      | Noticed Harold
  8664 | D:8      | Reached skill level 1 in Invocations
  8803 | D:8      | Reached XP level 9. HP: 70/78 MP: 11/11
  8808 | D:8      | Reached skill level 5 in Axes
  8835 | D:8      | Reached * piety under Beogh
  8956 | D:8      | Reached skill level 7 in Fighting
  9298 | D:8      | Found a runed translucent door.
  9302 | D:8      | Identified the cursed +1 great sword "Spiderbane" {elec,
                  | +Fly Stlth+}
  9303 | D:8      | Noticed Amen's ghost (novice GrFi)
 10131 | D:9      | Noticed a troll
 10156 | D:9      | Killed a troll
 10306 | D:9      | Reached skill level 1 in Evocations
 10728 | D:9      | Reached ** piety under Beogh
 10728 | D:9      | Reached skill level 8 in Fighting
 10901 | D:9      | Found a staircase to the Orcish Mines.
 10914 | D:10     | Entered Level 10 of the Dungeon
 10944 | D:10     | Noticed Nergalle
 10958 | D:10     | Killed Nergalle
 10958 | D:10     | Reached XP level 10. HP: 90/90 MP: 9/13
 11388 | D:10     | Reached skill level 9 in Fighting
 11751 | D:10     | Reached skill level 5 in Invocations
 12123 | D:10     | Noticed Erica
 12144 | D:10     | Killed Erica
 12721 | D:10     | Reached skill level 10 in Fighting
 12774 | D:11     | Noticed a death knight
 12849 | D:11     | Noticed a cyclops
 13229 | D:7      | Reached XP level 11. HP: 89/99 MP: 15/15
 13586 | D:7      | Killed Harold
 13658 | D:7      | Noticed Joseph
 13672 | D:7      | Killed Joseph
 14053 | D:11     | Killed a cyclops
 14236 | D:11     | Reached *** piety under Beogh
 14437 | D:11     | Found a staircase to the Lair.
 14446 | Lair:1   | Entered Level 1 of the Lair of Beasts
 15190 | Lair:1   | Reached skill level 11 in Fighting
 15491 | Lair:1   | Reached skill level 5 in Armour
 16220 | Lair:1   | Noticed a six-headed hydra
 16226 | Lair:1   | Killed a six-headed hydra
 16386 | Lair:1   | Reached XP level 12. HP: 105/111 MP: 18/18
 16726 | Lair:2   | Reached skill level 12 in Fighting
 17929 | Lair:2   | Found a staircase to the Swamp.
 18655 | Lair:3   | Noticed a four-headed hydra
 18659 | Lair:3   | Killed a four-headed hydra
 18659 | Lair:3   | Reached skill level 10 in Polearms
 19092 | Lair:3   | Found a staircase to the Snake Pit.
 19712 | Lair:4   | Reached skill level 13 in Fighting
 20465 | Lair:4   | Reached XP level 13. HP: 122/122 MP: 20/20
 21221 | Lair:4   | Reached skill level 10 in Invocations
 21650 | Lair:5   | Identified a scroll of acquirement
 21962 | Lair:5   | Reached skill level 10 in Axes
 22117 | Lair:4   | Reached skill level 10 in Shields
 22352 | Lair:5   | Reached skill level 14 in Fighting
 22751 | Lair:5   | Found a viscous altar of Jiyva.
 22752 | Lair:5   | Found a staircase to the Slime Pits.
 22947 | Lair:5   | Found a radiant altar of Vehumet.
 23681 | Orc:1    | Entered Level 1 of the Orcish Mines
 24205 | Orc:1    | Reached **** piety under Beogh
 24223 | Orc:1    | Found a frozen archway.
 24277 | IceCv    | Entered an ice cave
 25192 | IceCv    | Noticed an ice dragon
 25192 | IceCv    | Noticed an ice dragon
 25247 | IceCv    | Killed an ice dragon
 25575 | IceCv    | Killed an ice dragon
 25599 | IceCv    | Got a faintly glowing ruby amulet
 25600 | IceCv    | Identified the amulet of Qissekil {Inacc *Drain rF+ Dex+5}
                  | (You found it in an ice cave)
 25610 | IceCv    | Got a twitching brass ring
 25613 | IceCv    | Identified the ring "Kuahes" {*Corrode rF+ Str+5 Int+3
                  | Dex+2} (You found it in an ice cave)
 26106 | Orc:2    | Entered Level 2 of the Orcish Mines
 26490 | Orc:2    | Gained Bogdar as an ally
 26808 | Orc:2    | Your ally Bogdar died
 26820 | Orc:2    | Gained Bogbarth as an ally
 27166 | Orc:2    | Your ally Bogbarth died
 27181 | Orc:2    | Found a staircase to the Elven Halls.
 28025 | Orc:2    | Got a jewelled broad axe
 28026 | Orc:2    | Identified the +3 broad axe "Ocojavey" {pain, rElec rPois
                  | Dex+3} (You acquired it on level 2 of the Orcish Mines)
 28350 | Orc:2    | Gained mutation: Your magical capacity is low. (-10% MP) [a
                  | neqoxec]
 28351 | Orc:2    | Reached XP level 14. HP: 130/133 MP: 20/20
 28388 | Orc:2    | Found Attoamif's Weapon Emporium.
 28391 | Orc:2    | Found Giyqiuca's Book Emporium.
 28392 | Orc:2    | Found Bour's Distillery.
 28393 | Orc:2    | Found Mozxisiy's Book Shoppe.
 28396 | Orc:2    | Bought a potion of resistance for 130 gold pieces
 28396 | Orc:2    | Bought a potion of curing for 39 gold pieces
 28396 | Orc:2    | Bought a potion of lignification for 39 gold pieces
 28396 | Orc:2    | Bought a potion of heal wounds for 65 gold pieces
 28396 | Orc:2    | Bought a potion of curing for 39 gold pieces
 28632 | D:11     | Reached skill level 15 in Fighting
 29417 | D:12     | Reached ***** piety under Beogh
 29707 | D:12     | You fall into a shaft and drop 3 floors!
 29707 | D:15     | Entered Level 15 of the Dungeon
 29723 | D:14     | You fall into a shaft and drop 1 floor!
 30210 | D:13     | Gained Bogfrid as an ally
 30304 | D:13     | Your ally Bogfrid died
 30402 | D:13     | Reached skill level 5 in Dodging
 31112 | D:13     | You fall into a shaft and drop 2 floors!
 31113 | D:15     | Found a shattered altar of Ashenzari.
 32449 | D:13     | Found a gate to the Vaults.
 33290 | D:14     | Found Edowk's Antique Weapon Boutique.
 33291 | D:14     | Found a snail-covered altar of Cheibriados.
 33319 | D:14     | Noticed Kirke
 33328 | D:14     | Killed Kirke
 33361 | D:14     | Found a shimmering altar of Xom.
 33364 | D:14     | Found the +7 mace of Variability {chain chaos}
 33774 | D:15     | Lost mutation: Your magical capacity is low. (-10% MP)
                  | [potion of mutation]
 33774 | D:15     | Gained mutation: You possess an exceptional clarity of
                  | mind. [potion of mutation]
 33774 | D:15     | Gained mutation: You have a beak for a mouth. [potion of
                  | mutation]
 33851 | D:15     | Reached XP level 15. HP: 118/141 MP: 24/24
 33942 | D:15     | Found a staircase to the Depths.
 34867 | Swamp:1  | Entered Level 1 of the Swamp
 35837 | Swamp:1  | Reached skill level 10 in Armour
 36134 | Swamp:1  | Gained Morguth as an ally
 37890 | Swamp:2  | Got a brightly glowing robe
 38014 | Swamp:2  | Noticed a tentacled monstrosity
 38154 | Swamp:2  | Found a transporter.
 38169 | Swamp:2  | Found a transporter.
 38221 | Swamp:2  | Reached skill level 15 in Axes
 39429 | Swamp:3  | Lost mutation: You have a beak for a mouth. [potion of
                  | mutation]
 39429 | Swamp:3  | Lost mutation: You possess an exceptional clarity of mind.
                  | [potion of mutation]
 39429 | Swamp:3  | Gained mutation: Your body sometimes deteriorates upon
                  | taking damage. [potion of mutation]
 39429 | Swamp:3  | Gained mutation: You are resistant to electric shocks.
                  | (rElec) [potion of mutation]
 39429 | Swamp:3  | Gained mutation: You have large cloven feet. [potion of
                  | mutation]
 39501 | Swamp:3  | Reached XP level 16. HP: 124/149 MP: 26/26
 40224 | Swamp:4  | Entered Level 4 of the Swamp
 40557 | Swamp:4  | Noticed Execuda's ghost (adept HuBe)
 40563 | Swamp:4  | Found a runed translucent gate.
 40563 | Swamp:4  | Found a runed translucent gate.
 40563 | Swamp:4  | Found a runed translucent gate.
 41307 | Swamp:4  | Found the +2 robe of Vines {NoPotionHeal Regen+7}
 41962 | Swamp:4  | Noticed a bone dragon
 41974 | Swamp:4  | Killed a bone dragon
 42087 | Swamp:4  | Got a decaying rune of Zot
 42486 | Snake:1  | Entered Level 1 of the Snake Pit
 42935 | Snake:1  | You fall into a shaft and drop 1 floor!
 43373 | Snake:2  | Noticed a nagaraja
 43393 | Snake:2  | Killed a nagaraja
 43827 | Snake:1  | Reached skill level 15 in Invocations
 44353 | Vaults:1 | Entered Level 1 of the Vaults
 44388 | Vaults:1 | Reached skill level 16 in Fighting
 44390 | Vaults:1 | Reached XP level 17. HP: 97/157 MP: 28/28
 45763 | Vaults:1 | Found Cukyaloz's Weapon Shop.
 45963 | Vaults:1 | Noticed Nikola
 46391 | Vaults:1 | Noticed Donald
 46399 | Vaults:1 | Killed Donald
 46586 | Vaults:1 | Reached skill level 17 in Fighting
 46824 | Vaults:1 | Killed Nikola
 47628 | Vaults:2 | Paralysed by an ogre mage for 2 turns
 47957 | Vaults:2 | Reached XP level 18. HP: 147/169 MP: 29/29
 47961 | Vaults:2 | Reached ****** piety under Beogh
 48622 | Vaults:2 | Reached skill level 15 in Shields
 49209 | Vaults:2 | Gained Gorm as an ally
 49456 | Vaults:2 | Upgraded the game from 0.24-a0-784-g601f8f6d22 to
                  | 0.24-a0-789-g35933f4585
 49474 | Vaults:3 | Noticed Frederick
 49484 | Vaults:3 | Killed Frederick
 49549 | Vaults:3 | Gained Boghold as an ally
 49555 | Vaults:3 | Gained Warbeogh as an ally
 50024 | Vaults:3 | Reached skill level 18 in Fighting
 50323 | Vaults:3 | Your ally Gorm died
 50323 | Vaults:3 | Reached skill level 15 in Armour
 50326 | Vaults:3 | Reached XP level 19. HP: 106/178 MP: 25/30
 50913 | Vaults:3 | Found a staircase to the Crypt.
 51554 | Vaults:4 | Your ally Boghold died
 52161 | Vaults:4 | Found Nerr's Armour Shoppe.
 52168 | Vaults:4 | Bought the +2 plate armour of the Wasteland {rC+ MR++} for
                  | 664 gold pieces
 52168 | Vaults:4 | Bought the +1 pair of boots "Emieciq" {rC+ rN+ Int-2 Dex+3}
                  | for 357 gold pieces
 52290 | Vaults:4 | Noticed Mennas
 52319 | Vaults:4 | Killed Mennas
 52831 | Vaults:4 | Gained Bogrim as an ally
 53637 | Vaults:4 | Noticed a Hell Sentinel
 53891 | Vaults:4 | Reached XP level 20. HP: 177/188 MP: 31/33
 53892 | Vaults:4 | Reached skill level 19 in Fighting
 53892 | Vaults:4 | Reached XP level 21. HP: 186/197 MP: 31/34
 54907 | Snake:2  | Reached skill level 5 in Evocations
 55387 | Snake:3  | Noticed Bai Suzhen
 55400 | Snake:3  | Killed Bai Suzhen
 55477 | Snake:3  | Found a runed translucent door.
 56129 | Snake:4  | Entered Level 4 of the Snake Pit
 56183 | Snake:4  | Found Lamopop's Assorted Antiques.
 56183 | Snake:4  | Found Teir's Book Boutique.
 56184 | Snake:4  | Found Egeu's Magic Scroll Shop.
 56286 | Snake:4  | Found Ireq Ype's Assorted Antiques.
 56288 | Snake:4  | Bought a scroll of brand weapon for 320 gold pieces
 57050 | Snake:4  | Gained Blodwig as an ally
 57554 | Snake:4  | Reached skill level 10 in Evocations
 57939 | Snake:4  | Got a serpentine rune of Zot
 58412 | Crypt:1  | Entered Level 1 of the Crypt
 59554 | Depths:1 | Entered Level 1 of the Depths
 59764 | Depths:1 | Found the +8 Wrath of Trog {antimagic, *Rage}
 59770 | Depths:1 | Reached XP level 22. HP: 206/206 MP: 35/35
 60058 | Depths:1 | Noticed Saint Roka
 60390 | Depths:1 | Killed Saint Roka
 60738 | Depths:1 | Identified the Almanac of Combat Magic
 60863 | Depths:1 | Found a gateway to Hell.
 60993 | Depths:2 | Reached skill level 20 in Fighting
 61195 | Depths:2 | Your ally Morguth died
 62097 | Depths:2 | Found a one-way gate leading to the halls of Pandemonium.
 62331 | Depths:2 | You fall into a shaft and drop 2 floors!
 62344 | Depths:4 | Noticed a caustic shrike
 62381 | Depths:4 | Killed a caustic shrike
 62381 | Depths:4 | Noticed a caustic shrike
 62404 | Depths:4 | HP: 4/211 [fire dragon/blast of flame (23)]
 62404 | Depths:4 | Your ally Warbeogh died
 62419 | Depths:4 | Your ally Morguth died
 62423 | Depths:4 | Killed from afar by a fire giant

Levels and vault maps discovered:
D:1:      moated_graveyard_arrival, layout_basic, minmay_curled_crystal,
          hangedman_abyss_or_decor_stabs
D:2:      layout_basic, grunt_temple_overflow_growth_and_decay, first_ration
D:3:      layout_basic, chequers_ecumenical_altar_simple_redux,
          grunt_ministairs_3
D:4:      layout_loops_ring, minmay_temple_entry_antechambers, uniq_eustachio
D:5:      layout_loops_ring, bh_walls_and_bars
D:6:      layout_loops_corners, grunt_temple_overflow_cloverleaf,
          gup_sewer_entry_pipe, xom_teletrap_fun
D:7:      layout_rooms, uniq_harold, uniq_joseph
D:8:      layout_basic, ebering_ghost_inner_flame, blue_anna_alchemist
          [blue_anna_fruit_fields, blue_anna_fruit_fields]
D:9:      layout_basic, serial_glass, glass_columns_a, glass_columns_a
D:10:     kb_forest_paths, layout_basic, grunt_ministairs_4, uniq_erica,
          uniq_nergalle
D:11:     layout_gridville, lair_entry_dummy, gauntlet_entry_generic
D:12:     layout_gridville
D:13:     layout_basic, david_vaults_4, nrook_campfire
D:14:     layout_roguey, cheibriados_altar_1, serial_shops, shop,
          minmay_guarded_unrand_variability, uniq_kirke
D:15:     hangedman_depths_entry_civil_slaughter, layout_cross,
          nicolae_ashenzari_panopticon, minmay_misc_feat_tower
Lair:1:   layout_roguey
Lair:2:   layout_roguey, minmay_swamp_entry_reptiles,
          chequers_serial_rivers_micro_b
Lair:3:   layout_regular_city, guppyfry_snake_entry_island,
          infiniplex_staircase_pool
Lair:4:   layout_cave_pods, grunt_forest_large_clearings
Lair:5:   layout_cave_pods, slime_altar_1, basic_altar, lemuel_fruit_tree,
          minmay_lair_oklob_chamber
Swamp:1:  layout_falls_marsh, evilmike_swamp_ruin_rubble_2, swamp_pool1
Swamp:2:  gammafunk_the_bubble [the_bubble_gammafunk_crates],
          layout_basic_swamp, evilmike_swamp_ruin_house_3, swamp_pool2,
          kb_tengu_band
Swamp:3:  layout_falls_marsh, hangedman_swamp_cone
Swamp:4:  swamp_pestilence, layout_basic_swamp, gammafunk_ghost_split
Snake:1:  layout_onion
Snake:2:  layout_honeycomb
Snake:3:  layout_misc_corridors, lightli_airlock, uniq_bai_suzhen
Snake:4:  snake_pit_salamanders_mu, layout_cave_town, serial_bayou_pond_c,
          minmay_shoptagon
Orc:1:    layout_diamond_mine, portal_ice_cave_entry_ice_beasts
Orc:2:    st_orc_pillars, layout_caves
Vaults:1: nicolae_vaults_rhombus_6, vaults_standard_mumra_x, v_alt_pattern_1,
          hangedman_vaults_pinch, st_squares, hangedman_vaults_restitches,
          v_misc_10, hangedman_vaults_restitches, vaults_dpeg_encased_lava,
          layout_vaults_omnigrid, serial_shops, shop, uniq_donald, uniq_nikola
Vaults:2: nicolae_vaults_network_barrier, nicolae_vaults_fighting_squares,
          vaults_room_pools, vaults_standard_mumra_enter_the_diamond,
          hangedman_vaults_cutoff, vaults_mumra_minichess_inversion,
          vaults_mumra_hex, v_misc_4, ontoclasm_vaults_ring_small,
          vaults_room_hallway, layout_vaults_maze_bifur
Vaults:3: v_alt_pattern_4, hangedman_vaults_slice, v_pattern_1,
          ontoclasm_vaults_idyll, hangedman_vaults_impose, st_smaller_cells,
          v_misc_10, ontoclasm_vaults_ring_small,
          nicolae_vaults_little_squares_6, minmay_crypt_entry_simple_box,
          v_misc_2, v_misc_16, v_misc_13, layout_vaults_big_room, uniq_frederick
Vaults:4: nicolae_vaults_back_hallway, nicolae_vaults_mini_display_case,
          nicolae_vaults_border_crossing, st_spiral_rooms,
          nicolae_vaults_twisting_passages, v_rooms_5,
          nicolae_vaults_shelves_hall, v_misc_19, vaults_room_stairs_pillars,
          nicolae_vaults_little_squares_5, nicolae_vaults_little_squares_3,
          v_misc_19, layout_vaults_omnibox, serial_shops, nicolae_shop_crystal,
          uniq_mennas
Crypt:1:  layout_catacombs
Depths:1: layout_basic, kennysheep_boxes, hell_entry, minivault_16,
          minmay_guarded_unrand_wrath_of_trog, kennysheep_random_hallway,
          uniq_saint_roka
Depths:2: hangedman_elemental_death_ray, layout_basic, pan_entry,
          hangedman_coc_ice_floe, grunt_ministairs_2, minmay_serpent_palace
Depths:4: hangedman_pleasuredromes, serial_shops, pan_entry, hell_entry,
          abyss_entry

Skill      XL: |  1  2  3  4  5  6  7  8  9 10 11 12 13 14 15 16 17 18 19 20 21 22 |
---------------+-------------------------------------------------------------------+-----
Polearms       | 3 4 5 6 7 8 9 10 | 10.6
Fighting       | 3 4 5 6 8 10 11 13 14 15 16 17 18 19 20 | 20.5
Shields        | 1 2 4 5 6 7 8 9 10 11 12 14 15 16 17 18 | 18.0
Axes           | 2 4 7 8 9 11 12 16 | 16.7
Armour         | 2 4 5 7 8 10 11 13 15 16 | 16.6
Invocations    | 1 4 6 8 9 11 12 13 15 18 19 | 19.4
Evocations     | 2 3 10 | 10.0
Dodging        | 3 6 7 |  7.1
Throwing       | |  0.8
Spellcasting   | |  1.5
Translocations | |  2.4

Action                   |  1- 3 |  4- 6 |  7- 9 | 10-12 | 13-15 | 16-18 | 19-21 | 22-24 || total
-------------------------+-------+-------+-------+-------+-------+-------+-------+-------++-------
Melee: Spear             |   135 |   244 |   115 |       |       |       |       |       ||   494
       Unarmed           |       |    10 |       |       |       |       |       |       ||    10
       War axe           |       |       |    38 |    52 |   248 |       |       |       ||   338
       Trident           |       |       |   462 |   849 |   363 |       |       |       ||  1674
       Hand axe          |       |       |    24 |       |       |       |       |       ||    24
       Broad axe         |       |       |       |       |   765 |  1040 |   842 |   280 ||  2927
       Peck              |       |       |       |       |   135 |       |       |       ||   135
       Kick              |       |       |       |       |     3 |   415 |    59 |       ||   477
 Fire: Hunting sling     |       |    28 |    43 |       |       |       |       |       ||    71
Throw: Dart              |    34 |   101 |    25 |    78 |    47 |       |     3 |       ||   288
       Boomerang         |     2 |     1 |       |       |    10 |     2 |       |       ||    15
       Stone             |       |    30 |    45 |     5 |     9 |       |       |       ||    89
       Javelin           |       |       |       |    14 |       |       |       |       ||    14
Invok: Convert to Beogh  |       |       |     1 |       |       |       |       |       ||     1
       Smiting           |       |       |     1 |    11 |    28 |    25 |     6 |    18 ||    89
       Recall Orcish Fol |       |       |       |       |    25 |    22 |    15 |    12 ||    74
       Give Item to Name |       |       |       |       |     1 |     2 |     3 |       ||     6
       Resurrection      |       |       |       |       |       |       |       |     1 ||     1
       Stop Recall       |       |       |       |       |       |       |       |     1 ||     1
 Abil: Evoke Berserk Rag |       |       |       |       |       |       |     3 |       ||     3
Evoke: Wand              |       |       |       |     2 |     5 |       |       |       ||     7
       Phantom mirror    |       |       |       |     1 |       |       |       |       ||     1
       Lightning rod     |       |       |       |       |     2 |       |       |       ||     2
  Use: Scroll            |     6 |     5 |    11 |    13 |    15 |    16 |     6 |    10 ||    82
       Potion            |       |     1 |       |     1 |     9 |     3 |     3 |     6 ||    23
 Stab: Distracted        |       |       |       |       |    17 |    12 |     8 |     6 ||    43
       Invisible         |       |       |       |       |     5 |       |       |       ||     5
       Confused          |       |       |       |       |     3 |       |       |       ||     3
       Paralysed         |       |       |       |       |       |     1 |       |       ||     1
  Eat: Chunk             |     3 |     7 |    16 |    28 |    40 |    24 |    15 |     2 ||   135
       Ration            |       |     1 |     1 |     1 |     6 |     4 |     5 |     2 ||    20
Armor: Leather armour    |    22 |       |       |       |       |       |       |       ||    22
       Ring mail         |       |    40 |       |       |       |       |       |       ||    40
       Scale mail        |       |    73 |       |       |       |       |       |       ||    73
       Skin              |       |    36 |       |       |       |       |       |       ||    36
       Plate armour      |       |       |   378 |   384 |   466 |   370 |   258 |    60 ||  1916
       Ice dragon scales |       |       |       |       |     7 |       |       |       ||     7
Dodge: Dodged            |    56 |   108 |    62 |   116 |   260 |   163 |   116 |    42 ||   923
Block: Shield            |    20 |   126 |   256 |   400 |   499 |       |       |       ||  1301
       Large shield      |       |       |       |       |   468 |   815 |   818 |   216 ||  2317

Table legend:
 A = Non-vault XP
 B = Vault XP
 C = Vault XP percentage of total XP
 D = Non-vault monster count
 E = Vault monster count
 F = Vault count percentage of total count
                 A         B        C        D         E       F
            +---------+---------+-------+---------+---------+-------
      Total |  358783 |  222906 |  38.3 |    1045 |     472 |  31.1
            +---------+---------+-------+---------+---------+-------
        D:1 |      56 |       0 |   0.0 |      29 |       0 |   0.0
        D:2 |     105 |       0 |   0.0 |      21 |       0 |   0.0
        D:3 |     117 |       2 |   1.7 |      27 |       2 |   6.9
        D:4 |     404 |     197 |  32.8 |      12 |       1 |   7.7
        D:5 |     313 |       0 |   0.0 |      13 |       0 |   0.0
        D:6 |     294 |      22 |   7.0 |      11 |       8 |  42.1
        D:7 |     568 |    1185 |  67.6 |      13 |       2 |  13.3
        D:8 |    1224 |     100 |   7.6 |      33 |       1 |   2.9
        D:9 |    1752 |       0 |   0.0 |      26 |       0 |   0.0
       D:10 |     207 |    4610 |  95.7 |       6 |      21 |  77.8
       D:11 |    3999 |       0 |   0.0 |      34 |       0 |   0.0
       D:12 |    2677 |       0 |   0.0 |      18 |       0 |   0.0
       D:13 |    7450 |    1778 |  19.3 |      39 |       3 |   7.1
       D:14 |    9376 |    1965 |  17.3 |      34 |       4 |  10.5
       D:15 |    6224 |    3508 |  36.0 |      21 |       6 |  22.2
     Lair:1 |    7738 |       0 |   0.0 |      28 |       0 |   0.0
     Lair:2 |    3667 |     312 |   7.8 |      14 |       4 |  22.2
     Lair:3 |    3571 |    1001 |  21.9 |      12 |       8 |  40.0
     Lair:4 |    3749 |    3127 |  45.5 |      18 |      26 |  59.1
     Lair:5 |    4521 |     519 |  10.3 |      15 |       2 |  11.8
    Swamp:1 |   16514 |       0 |   0.0 |      61 |       0 |   0.0
    Swamp:2 |    9782 |    1012 |   9.4 |      31 |       2 |   6.1
    Swamp:3 |   13544 |       0 |   0.0 |      38 |       0 |   0.0
    Swamp:4 |   11325 |   13805 |  54.9 |      33 |      44 |  57.1
    Snake:1 |   14713 |       0 |   0.0 |      32 |       0 |   0.0
    Snake:2 |   15602 |       0 |   0.0 |      37 |       0 |   0.0
    Snake:3 |    2148 |    8746 |  80.3 |       6 |      12 |  66.7
    Snake:4 |   13937 |   37242 |  72.8 |      32 |      62 |  66.0
      Orc:1 |     510 |    1521 |  74.9 |      12 |       9 |  42.9
      Orc:2 |    1506 |    4928 |  76.6 |      14 |      32 |  69.6
   Vaults:1 |   26023 |   28196 |  52.0 |      42 |      33 |  44.0
   Vaults:2 |   32673 |   15775 |  32.6 |      52 |      28 |  35.0
   Vaults:3 |   19314 |   26410 |  57.8 |      41 |      32 |  43.8
   Vaults:4 |   44612 |   29861 |  40.1 |      70 |      31 |  30.7
    Crypt:1 |   25164 |       0 |   0.0 |      33 |       0 |   0.0
   Depths:1 |   20502 |   12612 |  38.1 |      34 |      12 |  26.1
   Depths:2 |   32902 |    5909 |  15.2 |      53 |       9 |  14.5
   Depths:4 |       0 |   12808 | 100.0 |       0 |      10 | 100.0
      Sewer |       0 |     373 | 100.0 |       0 |      48 | 100.0
      IceCv |       0 |    5382 | 100.0 |       0 |      20 | 100.0
            +---------+---------+-------+---------+---------+-------
